AoeStats
← l Son Goku l930

Arena

509696674Analyzed
4v4 RM · 5d ago on Sep 27, 2026· 46m 45s· 8 players
Game mode
Random Map
Map size
Large (8 player)
Population
200
Speed
Normal
Resources
Standard
Victory
Conquest
Starting age
Dark Age
Ending age
Imperial Age
RankedLock teamsTeams togetherTeam positionsShared explorationLock speedFull tech treeHidden civsTurbo modeCheats
Victory
Defeat
🇬🇧 Turks · United Kingdom
786
+17
🇮🇳 Italians · India
782
+17
🇨🇴 Romans · Colombia
766
+18
🇵🇹 Maya · Portugal
757
+18
🇫🇷 Wei · France
865
-20
🇫🇷 Mongols · France
825
-18
🇫🇷 Chinese · France
823
-18
🇺🇸 Saracens · United States
725
-18
l Son Goku l930
5:04 Loom
12:24 Feudal Age
14:44 Double-Bit Axe
15:11 Horse Collar
16:08 Gold Mining
20:01 Castle Age
20:36 Man-at-Arms
23:23 Bow Saw
24:03 Long Swordsman
28:08 Scale Mail Armor
28:19 Forging
29:31 Gold Shaft Mining
29:16 Heavy Plow
30:05 Wheelbarrow
31:26 Hand Cart
35:12 Imperial Age
32:39 Pikeman
33:20 Squires
34:56 Elite Skirmisher
38:14 Imperial Age
37:51 Chain Mail Armor
38:12 Iron Casting
38:51 Ballistics
38:20 Heavy Scorpion
38:46 Legionary
40:45 Conscription
41:35 Blast Furnace
40:02 Halberdier
42:04 Chemistry
44:49 Comitatenses
KingBrun0
0:32 Loom
12:01 Feudal Age
13:26 Double-Bit Axe
17:38 Castle Age
16:37 Scale Mail Armor
16:44 Stone Mining
17:56 Wheelbarrow
17:56 Gold Mining
17:48 Horse Collar
19:47 Chain Mail Armor
20:55 Heavy Plow
22:45 Bow Saw
23:03 Hand Cart
26:52 Eagle Warrior
27:33 Squires
34:06 Imperial Age
32:49 Forging
35:18 Holcans
35:25 Plate Mail Armor
35:31 Iron Casting
35:10 Elite Eagle Warrior
45:36 Ballistics
45:07 Heated Shot
FluxyAshYT
2:02 Loom
13:28 Feudal Age
18:31 Castle Age
16:38 Double-Bit Axe
26:51 Fletching
29:27 Horse Collar
29:42 Gold Mining
30:44 Stone Mining
31:43 Bow Saw
35:41 Imperial Age
35:46 Wheelbarrow
35:11 Bodkin Arrow
35:16 Padded Archer Armor
35:27 Forging
35:51 Ballistics
37:59 Chemistry
37:44 Town Watch
41:00 Two-Man Saw
41:14 Bracer
41:29 Leather Archer Armor
41:50 Iron Casting
41:45 Elite Genoese Crossbowman
Miss Priss
9:53 Feudal Age
11:06 Town Watch
12:00 Wheelbarrow
11:58 Loom
11:59 Town Watch
12:49 Wheelbarrow
18:16 Double-Bit Axe
19:05 Stone Mining
22:49 Castle Age
22:42 Horse Collar
22:55 Gold Mining
23:54 Hand Cart
24:47 Gold Shaft Mining
27:19 Gold Shaft Mining
26:58 Bow Saw
30:17 Caravan
31:46 Squires
31:32 Arson
31:08 Man-at-Arms
35:25 Imperial Age
33:43 Long Swordsman
34:39 Scale Mail Armor
34:51 Forging
36:07 Chain Mail Armor
35:47 Two-Handed Swordsman
36:57 Champion
38:05 Conscription
37:06 Elite Janissary
38:46 Heavy Plow
Skaikru Raven
0:27 Loom
12:58 Feudal Age
18:14 Castle Age
17:01 Double-Bit Axe
16:58 Horse Collar
17:13 Stone Mining
19:24 Wheelbarrow
19:38 Bow Saw
21:58 Gold Mining
24:01 Heavy Plow
26:08 Stone Shaft Mining
26:39 Hand Cart
30:20 Gold Shaft Mining
33:50 Imperial Age
32:09 Forging
32:04 Scale Barding Armor
32:41 Scale Mail Armor
35:19 Fortified Wall
34:50 Treadmill Crane
35:46 Crop Rotation
35:42 Conscription
35:56 Elite Tiger Cavalry
36:55 Elite Skirmisher
38:00 Parthian Tactics
37:00 Light Cavalry
37:50 Bloodlines
37:41 Husbandry
38:24 Iron Casting
38:04 Chain Mail Armor
39:31 Ming Guang Armor
40:29 Hoardings
41:06 Blast Furnace
40:28 Chain Barding Armor
42:09 Hussar
Ujio.AF
0:42 Loom
11:29 Feudal Age
15:41 Wheelbarrow
14:57 Double-Bit Axe
18:13 Castle Age
16:27 Horse Collar
19:41 Hand Cart
19:41 Heavy Plow
19:54 Bow Saw
23:49 Husbandry
24:00 Bloodlines
25:08 Gold Mining
25:11 Stone Mining
26:33 Forging
26:29 Scale Barding Armor
27:46 Gold Shaft Mining
28:32 Iron Casting
33:27 Imperial Age
31:14 Fletching
32:49 Stone Shaft Mining
32:19 Bodkin Arrow
33:22 Ballistics
33:13 Fortified Wall
33:47 Chain Barding Armor
33:28 Padded Archer Armor
34:28 Siege Engineers
34:12 Onager
35:49 Drill
35:24 Elite Mangudai
37:09 Chemistry
36:14 Bracer
37:09 Murder Holes
37:50 Siege Onager
40:58 Blast Furnace
40:14 Leather Archer Armor
41:02 Blast Furnace
FoXx
0:28 Loom
12:41 Feudal Age
13:55 Double-Bit Axe
14:06 Horse Collar
17:42 Gold Mining
19:07 Wheelbarrow
18:58 Stone Mining
22:56 Castle Age
23:32 Fletching
24:29 Bodkin Arrow
24:42 Thumb Ring
24:41 Heavy Plow
25:47 Ballistics
26:02 Murder Holes
27:21 Caravan
29:29 Hand Cart
29:02 Town Watch
32:12 Padded Archer Armor
36:05 Imperial Age
34:20 Gold Shaft Mining
34:27 Bow Saw
34:32 Masonry
35:13 Squires
35:03 Arson
35:29 Heated Shot
36:34 Herbal Medicine
36:51 Fervor
36:49 Elite Chu Ko Nu
37:51 Conscription
37:34 Bracer
38:38 Chemistry
39:19 Architecture
38:35 Arrowslits
39:12 Leather Archer Armor
vilev
11:21 Feudal Age
12:03 Double-Bit Axe
14:26 Wheelbarrow
15:54 Gold Mining
17:30 Town Watch
19:44 Forging
19:53 Scale Barding Armor
24:41 Castle Age
22:48 Arson
22:24 Man-at-Arms
Connection lost

Rejoining the realm…

Still unreachable

The connection could not be restored.

Session expired

The server has moved on; the page needs a fresh start.